 Dungeon Crawl Stone Soup version 0.17-a0-1442-g10bb59b (webtiles) character file.

21 Fizybubbleh the Grave Robber (level 2, -1/19 HPs)
             Began as a Mummy Necromancer on June 27, 2015.
             Slain by a jackal (3 damage)
             ... on level 1 of the Dungeon.
             The game lasted 00:02:26 (579 turns).

Fizybubbleh the Grave Robber (Mummy Necromancer)     Turns: 579, Time: 00:02:26

Health: -1/19      AC:  2    Str: 11    XL:     2   Next: 62%
Magic:  0/5        EV: 12    Int: 14    God:
Gold:   26         SH:  0    Dex: 12    Spells: 2 memorised, 3 levels left

rFire  x . .     SeeInvis .     c - +0 club
rCold  + . .     Clarity  .     a - +0 robe
rNeg   + + +     SustAt   .     (no shield)
rPois  ∞         Gourm    .     (no helmet)
rElec  .         Spirit   .     (no cloak)
rCorr  .         Warding  .     (no gloves)
rMut   .         Stasis   .     (no boots)
MR     .....                    (no amulet)
Stlth  ++........               (no ring)
                                (no ring)

@: not resistant to hostile enchantments, unstealthy
A: no food or potions, fire vulnerability, cold resistance 1, negative energy
resistance 3, torment resistance, unbreathing
a: no special abilities


You were on level 1 of the Dungeon.
You were not hungry.

You visited 1 branch of the dungeon, and saw 1 of its levels.

You collected 26 gold pieces.

Inventory:

Hand weapons
 c - a +0 club (weapon)
Armour
 a - a +0 robe (worn)
Jewellery
 e - an uncursed ring of protection from magic
Scrolls
 d - a scroll of identify
Books
 b - a book of Necromancy

   Spells                             Type                      Level
   a - Pain                           Necromancy                   1
   b - Animate Skeleton               Necromancy                   1
   c - Vampiric Draining              Necromancy                   3
   d - Regeneration                   Charms/Necromancy            3
   e - Animate Dead                   Necromancy                   4
   f - Control Undead                 Necromancy                   4


   Skills:
 - Level 1.5 Dodging
 - Level 1.5 Stealth
 - Level 2.0 Spellcasting
 + Level 4.8 Necromancy


You had 3 spell levels left.
You knew the following spells:

 Your Spells              Type           Power        Failure   Level  Hunger
a - Pain                  Necr           ##..         3%          1    N/A
b - Animate Skeleton      Necr           N/A          3%          1    N/A

Dungeon Overview and Level Annotations

Branches:
Dungeon (1/15)

Altars:


Innate Abilities, Weirdness & Mutations

You do not eat or drink.
Your flesh is vulnerable to fire.
You are immune to poison.
Your flesh is cold resistant.
You are immune to negative energy.
You are immune to unholy pain and torment.
You can survive without breathing.


Message History

You hit the jackal but do no damage. The jackal bites you.
The jackal closely misses you.
You take 2 damage, and have 6/19 hp.
Aim: a jackal (moderately wounded, chance to defeat MR: 85%)
The jackal convulses in agony!
The jackal closely misses you.
You now have 0/5 mp.
You hit the jackal. The jackal barely misses you.
The jackal bites you but does no damage.
You closely miss the jackal. The jackal bites you.
* * * LOW HITPOINT WARNING * * *
The jackal closely misses you.
You take 1 damage, and have 5/19 hp.
You barely miss the jackal.
The jackal bites you but does no damage. x2
You barely miss the jackal. The jackal bites you.
* * * LOW HITPOINT WARNING * * *
The jackal bites you but does no damage.
You take 3 damage, and have 2/19 hp.
The jackal bites you.
You die...

# ##.######.###).### #
#. #........Z.....##
..#.##..######........
#.........Z.....#...###
........######......#
.#..#.....h.†.#...#..#
... ###.†####h#...#..#
....###..# #h#......#
........)# #@#..##.#
....##...## #.#..# .#
.# #.(..# #....# #
#.#..###..#.#
#.#.........#
#.#..##..####
.....##..# .......##).#
###......#..


You could see 2 jackals.

Vanquished Creatures
  An ooze (D:1)
  A bat (D:1)
  2 hobgoblins (D:1)
  2 jackals (D:1)
  6 giant newts (D:1)
  4 goblins (D:1)
  A kobold (D:1)
17 creatures vanquished.

Vanquished Creatures (collateral kills)
  A hobgoblin (D:1)
1 creature vanquished.

Grand Total: 18 creatures vanquished

Notes
Turn   | Place    | Note
--------------------------------------------------------------
     0 | D:1      | Fizybubbleh the Mummy Necromancer began the quest for the Orb.
     0 | D:1      | Reached XP level 1. HP: 13/13 MP: 3/3
   139 | D:1      | Learned a level 1 spell: Animate Skeleton
   244 | D:1      | Reached XP level 2. HP: 19/19 MP: 3/5
   579 | D:1      | Slain by a jackal

Vault maps used:
D:1:      dpeg_arrival_lava_altar, minmay_newt_pond

Action                   || total
-------------------------++-------
Melee: Club              ||    33
 Cast: Pain              ||    33
       Animate Skeleton  ||     1
  Use: Scroll            ||     1
